 Dungeon Crawl Stone Soup version 0.20.1-1-g8b1a95d (webtiles) character file.

22057 Gargoyl the Cleaver (level 12, -9/104 (106) HPs)
             Began as a Minotaur Abyssal Knight on July 10, 2017.
             Was the Champion of Lugonu.
             Killed from afar by Azrael (41 damage)
             ... with damnation
             ... on level 12 of the Dungeon on July 11, 2017.
             The game lasted 00:31:25 (18243 turns).

Gargoyl the Cleaver (Minotaur Abyssal Knight)      Turns: 18243, Time: 00:31:25

HP:   -9/104 (106)  AC: 27    Str: 23    XL:     12   Next: 59%
MP:   18/18         EV:  9    Int: 11    God:    Lugonu [******]
Gold: 734           SH: 12    Dex: 12    Spells: 11/11 levels left

rFire    . . .     SeeInvis .   E - +1 war axe (flame)
rCold    . . .     Gourm    +   u - +2 shield
rNeg     . . .     Faith    .   I - +3 plate armour
rPois    .         Spirit   .   (helmet restricted)
rElec    .         Reflect  .   n - +1 cloak
rCorr    .         Harm     .   r - +2 pair of gloves
MR       +....                  (no boots)
Stlth    ..........             k - amulet of the gourmand
Regen    0.3/turn               P - +2 ring of evasion
MPRegen  0.2/turn               T - ring of Erucs {Wiz Str+3 Int+2}

@: liquid flames, glowing
A: retaliatory headbutt, horns 2, thin metallic scales 1, magic resistance 1,
wild magic 1, evolution 1
a: Depart the Abyss, Bend Space, Banish, Corrupt, Enter the Abyss, Brand Weapon
With Distortion, Renounce Religion


You were on level 12 of the Dungeon.
You worshipped Lugonu.
Lugonu was exalted by your worship.
You were not hungry.

You visited 1 branch of the dungeon, and saw 12 of its levels.
You visited the Abyss 1 time.
You also visited: Ossuary.

You collected 1046 gold pieces.
You spent 312 gold pieces at shops.

Inventory:

Hand Weapons
 E - a +1 war axe of flaming (weapon)
 G - a +2 hand axe
Missiles
 H - 14 tomahawks (quivered)
Armour
 n - a +1 cloak (worn)
 r - a +2 pair of gloves (worn)
 u - a +2 shield (worn)
 I - a +3 plate armour (worn)
Jewellery
 i - an uncursed ring of resist corrosion
 k - an amulet of the gourmand (around neck)
 C - an uncursed ring of ice
 P - a +2 ring of evasion (left hand)
 T - the ring of Erucs (right hand) {Wiz Str+3 Int+2}
   (You took it off an orc priest on level 10 of the Dungeon)

   [ring of wizardry]

   It improves your spell success rate.
   It affects your strength (+3).
   It affects your intelligence (+2).
Wands
 y - a wand of lightning (9/15)
 F - a wand of flame (31/48)
 M - a wand of polymorph (11/24)
 O - a wand of iceblast (5/15)
 U - a wand of confusion (31/48)
Scrolls
 e - 3 scrolls of blinking
 l - 8 scrolls of teleportation
 t - a scroll of identify
 v - 5 scrolls of remove curse
 w - 2 scrolls of fog
 x - 2 scrolls of recharging
 D - a scroll of amnesia
 N - 2 scrolls of magic mapping
Potions
 b - 8 potions of heal wounds
 f - 3 potions of invisibility
 g - 3 potions of cancellation
 h - 4 potions of curing
 j - 4 potions of brilliance
 o - 3 potions of flight
 p - a potion of might
 q - a potion of haste
 z - 5 potions of agility
 A - 4 potions of magic
 B - a potion of ambrosia
 L - a potion of berserk rage
Books
 d - a book of Flames

   Spells                             Type                      Level
   a - Flame Tongue                   Conjuration/Fire             1
   b - Throw Flame                    Conjuration/Fire             2
   c - Conjure Flame                  Conjuration/Fire             3
   d - Inner Flame                    Hexes/Fire                   3
   e - Sticky Flame                   Conjuration/Fire             4
   f - Fireball                       Conjuration/Fire             5
 K - a book of Changes

   Spells                             Type                      Level
   a - Beastly Appendage              Transmutation                1
   b - Sticks to Snakes               Transmutation                2
   c - Spider Form                    Transmutation/Poison         3
   d - Ice Form                       Ice/Transmutation            4
   e - Blade Hands                    Transmutation                5
Comestibles
 c - 6 bread rations
 m - 9 meat rations
 s - 7 fruits
 J - 4 royal jellies


   Skills:
 + Level 9.8 Fighting
 + Level 13.9 Axes
 + Level 0.6 Throwing
 * Level 13.7 Armour
 + Level 3.2 Dodging
 + Level 6.1 Shields
 * Level 9.3 Invocations


You had 11 spell levels left.
You didn't know any spells.

Dungeon Overview and Level Annotations

Branches:
Dungeon (12/15)            Temple (0/1) D:7            Lair (0/6) D:11
    Orc: D:9-12

Altars:
Ashenzari
Cheibriados
Elyvilon
Fedhas
Kikubaaqudgha
Nemelex Xobeh
Qazlal
Ru
Uskayaw
Yredelemnul
Zin
The Shining One

Shops:
D:8 !   D:9 ?

Annotations:
D:7 lotsofdiagrams's ghost, novice TeCj
D:12 Azrael
Abyss:1 Sonja


Innate Abilities, Weirdness & Mutations

You reflexively headbutt those who attack you in melee.
You have a pair of horns on your head.
You are partially covered in thin metallic scales. (AC +2)
You are resistant to hostile enchantments. (MR+)
Your spells are a little harder to cast, but a little more powerful.
You evolve.


Message History

You slash Azrael!
Azrael is lightly wounded.
You are covered in liquid flames!
You hit Azrael. You headbutt Azrael.
Azrael is lightly wounded.
You are covered in liquid flames!
Azrael closely misses you.
Unknown command.
You hit Azrael but do no damage.
Azrael is lightly wounded.
You are covered in liquid flames!
Azrael gestures at you. The sticky flame hits you!
You are covered in liquid flames!
You slash Azrael!
Azrael is moderately wounded.
You are covered in liquid flames!
Azrael gestures at you.
The sphere of damnation explodes!
The damnation engulfs you!
You die...

#.# . .#
#+# .#.#
...##
#...##
##..).####
........+
#R[..# #@#
#.# #.# #.#
#+# #.# #.#
#.# #.# #.#
######.##
###.###
#.......###
#.....#
#.##.......


You could see Azrael.

Vanquished Creatures
  The ghost of Pytinka the Cleaver, a journeyman MiFi of Trog (D:11)
  A hydra (D:11)
  A death knight (D:12)
  6 two-headed ogres
  2 ugly things
  Psyche (D:8)
  2 gargoyles
  A centaur skeleton (D:8)
  Joseph (D:10)
  2 trolls (D:10)
  Grinder (D:3)
  A merfolk (D:10)
  A hornet (D:9)
  3 hippogriffs
  A wyvern (D:10)
  4 hogs
  7 yaks
  A human (D:8)
  2 vampire mosquitoes (D:12)
  Grum (D:10)
  A fire elemental (D:12)
  3 hell hounds (D:12)
  A water moccasin (D:5)
  7 orc warriors
  2 phantoms
  2 sky beasts
  7 ogres
  15 black bears
  2 necrophages
  4 ice beasts
  11 centaurs
  3 wolves (D:10)
  2 crocodiles
  12 bullfrogs
  2 gnoll sergeants
  4 scorpions
  15 killer bees (D:8)
  4 wights (D:12)
  2 howler monkeys (D:8)
  3 electric eels (D:10)
  2 crimson imps
  2 bullfrog zombies
  2 jellies
  13 orc wizards
  A quasit (D:12)
  19 orc priests
  3 gnoll shamans (D:10)
  4 hounds
  4 bullfrog skeletons
  3 iguanas
  15 worker ants
  A hound skeleton (D:5)
  A hound zombie (D:7)
  8 mummies (Ossuary)
  A howler monkey zombie (D:7)
  9 gnolls
  12 adders
  2 shadow imps
  2 oozes (D:1)
  2 adder zombies
  2 worms
  4 dart slugs
  4 leopard geckos
  46 orcs
  7 bats
  5 giant cockroaches
  2 gnoll zombies (Ossuary)
  6 goblins
  2 hobgoblins
  15 jackals
  7 kobolds
  6 quokkas
  4 frilled lizards
  3 hobgoblin zombies (Ossuary)
  A kobold zombie (Ossuary)
  2 leopard gecko skeletons
  A leopard gecko zombie (D:5)
  2 orc zombies (Ossuary)
  A quokka zombie (D:7)
  4 rats
  A bush (D:10)
  2 plants (D:10)
375 creatures vanquished.

Vanquished Creatures (others)
  An electric eel (D:10)
  3 crimson imps (D:5)
  An orc (D:8)
  9 plants (D:10)
14 creatures vanquished.

Grand Total: 389 creatures vanquished

Notes
Turn   | Place    | Note
-------+----------+-------------------------------------------
     0 | Abyss:1  | Gargoyl the Minotaur Abyssal Knight began the quest for the Orb.
     0 | Abyss:1  | Reached XP level 1. HP: 19/19 MP: 1/1
    98 | Abyss:2  | Noticed a quasit
    99 | Abyss:2  | Noticed a small abomination
   108 | D:1      | Escaped the Abyss
   201 | D:1      | Reached * piety under Lugonu
   217 | D:1      | Reached XP level 2. HP: 27/27 MP: 2/2
   778 | D:1      | Reached XP level 3. HP: 29/33 MP: 3/3
  1318 | D:2      | Found a sparkling altar of Nemelex Xobeh.
  1752 | D:2      | Found a faded altar of an unknown god.
  1917 | D:3      | Reached XP level 4. HP: 40/40 MP: 4/4
  2044 | D:3      | Found a hide-covered altar of Uskayaw.
  2082 | D:3      | Found a shattered altar of Ashenzari.
  2168 | D:3      | HP: 1/40 [gnoll/halberd (11)]
  2753 | D:3      | Reached XP level 5. HP: 46/46 MP: 5/5
  2757 | D:3      | Noticed Grinder
  2769 | D:3      | Paralysed by Grinder for 6 turns
  2778 | D:3      | Paralysed by Grinder for 5 turns
  2795 | D:3      | Killed Grinder
  2795 | D:3      | Reached skill level 5 in Armour
  2795 | D:3      | Reached skill level 1 in Shields
  2795 | D:3      | Reached XP level 6. HP: 22/53 MP: 5/7
  2900 | D:3      | Found a snail-covered altar of Cheibriados.
  2920 | D:3      | Reached ** piety under Lugonu
  3286 | D:4      | Found a sand-covered staircase.
  3317 | Ossuary  | Entered an ossuary
  3375 | Ossuary  | Reached skill level 5 in Axes
  4351 | D:4      | Reached skill level 5 in Fighting
  4351 | D:4      | Reached XP level 7. HP: 48/61 MP: 8/8
  4548 | D:4      | Reached *** piety under Lugonu
  5159 | D:5      | Entered Level 5 of the Dungeon
  5271 | D:5      | Reached XP level 8. HP: 67/69 MP: 9/9
  5866 | D:5      | Found a glowing golden altar of the Shining One.
  5897 | D:5      | Found a blossoming altar of Fedhas.
  5902 | D:5      | Found a glowing silver altar of Zin.
  6021 | D:6      | Gained mutation: You are partially covered in thin metallic scales. (AC +2) [potion of mutation]
  6021 | D:6      | Gained mutation: You are partially covered in molten scales. (AC +2) [potion of mutation]
  6088 | D:6      | Found a sacrificial altar of Ru.
  6362 | D:6      | Found a stormy altar of Qazlal.
  6426 | D:6      | Found a basalt altar of Yredelemnul.
  6723 | D:6      | Found a blossoming altar of Fedhas.
  7127 | D:6      | Found a white marble altar of Elyvilon.
  7225 | D:7      | Noticed lotsofdiagrams's ghost (novice TeCj)
  7500 | D:7      | Reached **** piety under Lugonu
  7547 | D:7      | Reached skill level 5 in Invocations
  7590 | D:8      | Reached XP level 9. HP: 31/75 MP: 11/11
  8311 | D:7      | Found a staircase to the Ecumenical Temple.
  8820 | D:8      | Noticed Psyche
  8840 | D:8      | Paralysed by Psyche for 5 turns
  8855 | D:8      | Killed Psyche
  9260 | D:8      | Gained mutation: You evolve. [mutagenic meat]
  9549 | D:8      | Reached skill level 10 in Axes
  9604 | D:8      | Gained mutation: Your spells are a little harder to cast, but a little more powerful. [evolution]
  9660 | D:8      | Reached XP level 10. HP: 53/84 MP: 13/13
  9928 | D:8      | Found Hioxaump's Distillery.
  9962 | D:8      | Reached skill level 10 in Armour
 10613 | D:6      | Reached ***** piety under Lugonu
 10647 | D:7      | Gained mutation: You are resistant to hostile enchantments. (MR+) [evolution]
 11022 | D:8      | Bought a potion of heal wounds for 60 gold pieces
 11654 | D:9      | Found an ancient bone altar of Kikubaaqudgha.
 11705 | D:9      | Found a sparkling altar of Nemelex Xobeh.
 11805 | D:9      | Found Quwir's Magic Scroll Shoppe.
 11808 | D:9      | Bought a scroll of blinking for 105 gold pieces
 11808 | D:9      | Bought a scroll of enchant armour for 105 gold pieces
 11808 | D:9      | Bought a scroll of teleportation for 42 gold pieces
 11861 | D:9      | Noticed a two-headed ogre
 11871 | D:9      | Killed a two-headed ogre
 12022 | D:10     | Entered Level 10 of the Dungeon
 12027 | D:10     | Noticed Grum
 12054 | D:10     | Killed Grum
 12054 | D:10     | Reached XP level 11. HP: 38/94 MP: 15/15
 12842 | D:10     | Noticed a two-headed ogre
 12843 | D:10     | Noticed a two-headed ogre
 13137 | D:10     | Killed a two-headed ogre
 13139 | D:10     | Killed a two-headed ogre
 13544 | D:10     | Noticed Sonja
 13552 | D:10     | Banished Sonja
 14167 | D:10     | Noticed Joseph
 14184 | D:10     | Killed Joseph
 14184 | D:10     | Reached skill level 5 in Shields
 14897 | D:10     | Noticed a two-headed ogre
 14908 | D:10     | Killed a two-headed ogre
 15171 | D:10     | Noticed a two-headed ogre
 15181 | D:10     | Killed a two-headed ogre
 15285 | D:10     | Got a shimmering silver ring
 15375 | D:10     | Found a shattered altar of Ashenzari.
 15522 | D:10     | Reached XP level 12. HP: 71/102 MP: 17/17
 15589 | D:10     | Lost mutation: You are partially covered in molten scales. (AC +2) [evolution]
 15889 | D:11     | Noticed Pytinka's ghost (journeyman MiFi)
 16114 | D:11     | Killed Pytinka's ghost
 16396 | D:11     | Reached ****** piety under Lugonu
 16527 | D:11     | Identified a scroll of acquirement
 16528 | D:11     | Got a pitted buckler
 16539 | D:11     | Identified the +0 buckler of Gozag's Favour {rElec Int+6 Dex-5} (You acquired it on level 11 of the Dungeon)
 16608 | D:11     | Identified the ring of Erucs {Wiz Str+3 Int+2} (You took it off an orc priest on level 10 of the Dungeon)
 16799 | D:11     | Noticed a four-headed hydra
 16810 | D:11     | Killed a one-headed hydra
 17448 | D:11     | Found a staircase to the Lair.
 17790 | D:12     | Noticed a two-headed ogre
 17798 | D:12     | Killed a two-headed ogre
 17882 | D:12     | Noticed a death knight
 17896 | D:12     | Killed a death knight
 18216 | D:12     | Noticed Azrael
 18243 | D:12     | Killed from afar by Azrael

Skill      XL: |  1  2  3  4  5  6  7  8  9 10 11 12 |
---------------+-------------------------------------+-----
Axes           | 3 4 5 6 8 10 11 13 | 13.9
Invocations    | 2 3 5 6 7 8 9 |  9.3
Fighting       | 4 5 6 7 9 |  9.8
Armour         | 3 4 5 6 7 9 11 12 13 | 13.7
Shields        | 1 2 3 4 5 6 |  6.1
Dodging        | 2 3 |  3.2
Throwing       | |  0.6

Action                   |  1- 3 |  4- 6 |  7- 9 | 10-12 || total
-------------------------+-------+-------+-------+-------++-------
Melee: Hand axe          |    87 |   182 |   169 |       ||   438
       Headbutt          |     9 |    37 |    70 |   127 ||   243
       War axe           |       |       |   294 |   643 ||   937
       Unarmed           |       |       |       |     1 ||     1
Throw: Tomahawk          |       |       |     5 |     7 ||    12
Invok: Depart the Abyss  |     1 |       |       |       ||     1
       Banish            |       |       |     5 |     2 ||     7
  Use: Scroll            |     6 |     4 |     5 |    17 ||    32
       Potion            |       |     2 |     8 |     1 ||    11
  Eat: Chunk             |    10 |     9 |    23 |    22 ||    64
Armor: Chain mail        |    57 |   137 |   197 |       ||   391
       Plate armour      |       |       |   185 |   541 ||   726
       Skin              |       |       |     4 |       ||     4
Dodge: Dodged            |    25 |    74 |   201 |   289 ||   589
Block: Buckler           |     8 |    36 |   114 |   147 ||   305
       Shield            |       |       |       |    39 ||    39
